 Dungeon Crawl Stone Soup version 0.30.0-15-g856e2d3f33 (webtiles) character file.

Game seed: 17355777397752804425

113 AlmostDecent the Shooter (level 4, -1/27 HPs)
             Began as a Gargoyle Hunter on May 18, 2023.
             Slain by Grinder (7 damage)
             ... on level 3 of the Dungeon.
             The game lasted 00:04:56 (1442 turns).

AlmostDecent the Shooter (Gargoyle Hunter)          Turns: 1442, Time: 00:04:56

Health: -1/27      AC:  6    Str: 14    XL:     4   Next: 96%
Magic:  4/4        EV: 12    Int: 10    God:
Gold:   105        SH:  0    Dex: 15    Spells: 3/3 levels left

rFire   + . .        a - +0 shortbow
rCold   + . .        (shield currently unavailable)
rNeg    + . .        c - +0 leather armour
rPois   ∞            (no helmet)
rElec   +            (no cloak)
rCorr   +            (no gloves)
SInv    .            (no boots)
Will    .....        f - amulet of regeneration
Stlth   ++           (no ring)
HPRegen 1.04/turn    (no ring)
MPRegen 0.09/turn

%: no passive effects
@: resistant
A: sickness immunity, AC +3, negative energy resistance 1, electricity
resistance, torment resistance 1, petrification resistance
a: no special abilities


You were on level 3 of the Dungeon.
You visited 1 branch of the dungeon, and saw 3 of its levels.

You collected 105 gold pieces.

Inventory:

Hand Weapons
 a - a +0 shortbow (weapon)
Armour
 c - a +0 leather armour (worn)
Jewellery
 f - an amulet of regeneration (around neck)
Scrolls
 b - a scroll of immolation
 g - 2 scrolls of enchant weapon {unknown}
 k - a scroll of fog {unknown}
Potions
 e - a potion of cancellation
 i - a potion of curing {unknown}
 j - a potion of heal wounds {unknown}


   Skills:
 + Level 2.7 Fighting
 * Level 5.7 Ranged Weapons
 - Level 1.8 Dodging
 - Level 1.1 Stealth


You had 3 spell levels left.
You didn't know any spells.
Your spell library was empty.

Dungeon Overview and Level Annotations

Branches:
Dungeon (3/15)

Altars:

Annotations:
D:3 Grinder


Innate Abilities, Weirdness & Mutations

You are immune to sickness and miasma.
Your stone body is resilient. (AC +3)
You are immune to poison.
You resist negative energy. (rN+)
You are resistant to electric shocks. (rElec)
You are resistant to unholy torment.
You are immune to petrification.


Message History

You can move again.
You shoot an arrow. The arrow hits Grinder!
Grinder is heavily wounded.
Grinder hits you!
You writhe in agony.
You shoot an arrow. The arrow barely misses Grinder.
Grinder completely misses you.
You shoot an arrow. The arrow closely misses Grinder.
Grinder hits you but does no damage.
You shoot an arrow. The arrow hits Grinder.
Grinder is heavily wounded.
Grinder hits you.
You writhe in agony.
Grinder hits you.
You writhe in agony.
You are too injured to fight recklessly!
You are too injured to fight recklessly!
You are too injured to fight recklessly!
You are too injured to fight recklessly!
Fire: a) +0 shortbow
Press: ? - help, Q - select action Shift-Dir - straight line, f/p - Grinder
Aim: Grinder (heavily wounded, 58% to hit)
You shoot an arrow. The arrow closely misses Grinder.
Grinder hits you.
Fire: a) +0 shortbow
Press: ? - help, Q - select action Shift-Dir - straight line, f/p - Grinder
Aim: Grinder (heavily wounded, 58% to hit)
You shoot an arrow. The arrow hits Grinder!
Grinder is severely wounded.
Grinder hits you.
* * * LOW HITPOINT WARNING * * *
Fire: a) +0 shortbow
Press: ? - help, Q - select action Shift-Dir - straight line, f/p - Grinder
Aim: Grinder (severely wounded, 58% to hit)
You shoot an arrow. The arrow closely misses Grinder.
Grinder hits you.
* * * LOW HITPOINT WARNING * * *
Fire: a) +0 shortbow
Press: ? - help, Q - select action Shift-Dir - straight line, f/p - Grinder
Aim: Grinder (severely wounded, 58% to hit)
You shoot an arrow. The arrow barely misses Grinder.
Grinder gestures at you. You resist with significant effort. Grinder hits you!
You die...

.........### ### ...........###
.... #...#..#.#...### .....
...........#...# #.....
........##..##.####......
........###..........###
..........###.#..........
###........##.#..###.###.
#........#..#.@#.. # #......#
#..##....#....5#.# #......#
.......#.........#.## #.##...#
.......#.#.<........# #.##...##
...............###..# ###....##..
.....#...#)....†....###..........
#...##........).................
#.. ##.##...##.#.#.......†<....
..................).)......


You could see Grinder.

Vanquished Creatures
  4 gnolls
  2 adders (D:2)
  A worm (D:2)
  5 dart slugs
  2 bats (D:1)
  4 endoplasms
  2 giant cockroaches (D:3)
  4 goblins
  2 hobgoblins (D:1)
  4 jackals (D:1)
  3 kobolds
  4 ball pythons
  5 frilled lizards
  4 rats
46 creatures vanquished.

Notes
Turn   | Place    | Note
-------+----------+-------------------------------------------
     0 | D:1      | AlmostDecent the Gargoyle Hunter began the quest for the
                  | Orb.
     0 | D:1      | Reached XP level 1. HP: 12/12 MP: 1/1
   148 | D:1      | Reached XP level 2. HP: 12/17 MP: 2/2
   198 | D:1      | Reached XP level 3. HP: 22/22 MP: 3/3
   682 | D:1      | Reached skill level 5 in Ranged Weapons
   921 | D:2      | Reached XP level 4. HP: 24/27 MP: 4/4
  1394 | D:3      | Noticed Grinder
  1401 | D:3      | Paralysed by Grinder for 2 turns
  1431 | D:3      | Paralysed by Grinder for 4 turns
  1442 | D:3      | Slain by Grinder

Illustrated notes

Levels and vault maps discovered:
D:1:      minmay_arrival_four_loops, layout_basic, minmay_stone_trees_medium
D:2:      layout_rooms
D:3:      layout_rooms, grunt_temple_overflow_open, uniq_grinder

Skill      XL: |  1  2  3 |
---------------+----------+-----
Ranged Weapons | 5 |  5.7
Fighting       | |  2.7
Dodging        | |  1.8
Stealth        | |  1.1

Action                     |  1- 3 |  4- 6 || total
---------------------------+-------+-------++-------
   Fire: Shortbow          |    80 |    78 ||   158
    Use: Scroll            |       |     2 ||     2
         Potion            |       |     1 ||     1
 Armour: Leather armour    |    12 |    13 ||    25
  Dodge: Dodged            |    17 |    21 ||    38
